 Dungeon Crawl Stone Soup version 0.25-a0-190-g27fffb8c76 (webtiles) character file.

Game seed: 177506011173827198, levelgen mode: deterministic

29591 Conn the Thaumaturge (level 13, -4/78 HPs)
             Began as an Octopode Fire Elementalist on Nov 30, 2019.
             Was a High Priest of Sif Muna.
             Slain by a four-headed hydra (10 damage)
             ... on level 5 of the Lair of Beasts.
             The game lasted 01:13:53 (18399 turns).

Conn the Thaumaturge (Octopode Fire Elementalist)  Turns: 18399, Time: 01:13:55

Health: -4/78      AC:  3    Str:  8      XL:     13   Next: 46%
Magic:  43/53      EV: 19    Int: 21      God:    Sif Muna [*****.]
Gold:   532        SH:  4    Dex: 15 (16) Spells: 3/36 levels left

rFire    . . .     SeeInvis +   a - staff of power
rCold    + + .     Gourm    .   (no shield)
rNeg     + . .     Faith    .   (helmet restricted)
rPois    .         Spirit   .   M - +4 amulet of reflection
rElec    .         Reflect  +   u - ring of magical power
rCorr    .         Harm     .   w - ring of see invisible
MR       +....                  o - ring of positive energy
Stlth    +++++.....             B - ring of ice
HPRegen  0.23/turn              C - +3 ring of dexterity
MPRegen  0.33/turn              p - +3 ring of evasion
                                c - ring of protection from fire
                                E - ring of protection from magic

@: no status effects
A: almost no armour, stealthy swim, amphibious, 8 rings, constrict 8, tentacle
spike 1, iridescent scales 1, camouflage 1, cold resistance 1, deterioration 1,
gelatinous body 1
a: Channel Magic, Forget Spell, Divine Exegesis, Renounce Religion


You were on level 5 of the Lair of Beasts.
You worshipped Sif Muna.
Sif Muna was extremely pleased with you.
You were not hungry.

You visited 3 branches of the dungeon, and saw 17 of its levels.
You visited 1 bazaar.
You also visited: Ossuary.

You collected 1154 gold pieces.
You spent 622 gold pieces at shops.

Inventory:

Hand Weapons
 b - a +3 dagger of electrocution
 q - a +1 dagger of venom
 A - a +0 hunting sling
Missiles
 g - 172 sling bullets
 j - 7 javelins
 n - 2 throwing nets (quivered)
 D - 5 datura-tipped darts
 G - 9 atropa-tipped darts
Magical Staves
 a - an uncursed staff of power (weapon)
 H - an uncursed staff of cold
Jewellery
 c - a ring of protection from fire (on tentacle)
 o - a ring of positive energy (on tentacle)
 p - a +3 ring of evasion (on tentacle)
 u - a ring of magical power (left tentacle)
 w - a ring of see invisible (right tentacle)
 y - a +3 ring of evasion
 B - a ring of ice (on tentacle)
 C - a +3 ring of dexterity (on tentacle)
 E - a ring of protection from magic (on tentacle)
 M - a +4 amulet of reflection (around mantle)
Wands
 d - a wand of enslavement (5)
 r - a wand of acid (27)
 I - a wand of disintegration (13)
Scrolls
 e - 18 scrolls of identify
 f - 3 scrolls of enchant armour
 k - 6 scrolls of teleportation
 s - 5 scrolls of enchant weapon
 t - 9 scrolls of remove curse
 v - 2 scrolls of noise
 x - 2 scrolls of amnesia
 J - a scroll of blinking
 L - 2 scrolls of fear
 N - a scroll of brand weapon {unknown}
 O - a scroll of fog
Potions
 h - a potion of flight
 i - 3 potions of agility
 m - 3 potions of curing
 z - a potion of mutation
 F - 3 potions of heal wounds
 K - a potion of haste
 Q - a potion of berserk rage {unknown}
Comestibles
 l - 22 rations
 P - 6 chunks of flesh


   Skills:
 + Level 3.5 Fighting
 + Level 2.0 Short Blades
 + Level 2.0 Staves
 + Level 5.1 Dodging
 - Level 6.2 Stealth
 + Level 0.1 Unarmed Combat
 * Level 12.4 Spellcasting
 + Level 10.8 Conjurations
 + Level 2.4 Hexes
 * Level 1.8 Charms
 + Level 5.1 Summonings
 * Level 10.4 Fire Magic
 * Level 2.2 Ice Magic
 * Level 1.7 Invocations
 + Level 1.2 Evocations


You had 3 spell levels left.
You knew the following spells:

 Your Spells              Type           Power        Failure   Level  Hunger
a - Flame Tongue          Conj/Fire      #####        1%          1    None
b - Conjure Flame         Conj/Fire      ######..     1%          3    None
c - Inner Flame           Hex/Fire       #####...     1%          3    None
d - Sticky Flame          Conj/Fire      ######..     1%          4    None
e - Fireball              Conj/Fire      ######....   1%          5    ####...
f - Call Imp              Summ           ####....     1%          2    None
g - Summon Guardian Gole  Hex/Summ       ####....     3%          3    None
h - Summon Ice Beast      Ice/Summ       #####...     11%         4    None
i - Mephitic Cloud        Conj/Pois/Air  ####....     3%          3    None
j - Iskenderun's Battles  Conj/Chrm      #####...     11%         5    ####...

Your spell library contained the following spells:

 Spells                   Type           Power        Failure   Level  Hunger
 Corona                   Hex            ###....      1%          1    None
 Summon Small Mammal      Summ           ####         1%          1    None
 Throw Flame              Conj/Fire      ######       1%          2    None
 Call Canine Familiar     Summ           ####....     1%          3    None
 Static Discharge         Conj/Air       #####...     1%          3    None
 Stone Arrow              Conj/Erth      #####.       1%          3    None
 Slow                     Hex            ###.....     2%          2    None
 Poisonous Vapours        Pois/Air       ##....       8%          2    None
 Portal Projectile        Hex/Tloc       ###...       10%         3    None
 Bolt of Magma            Conj/Fire/Erth #####.....   8%          5    ####...
 Venom Bolt               Conj/Pois      #####.....   16%         5    ####...
 Summon Lightning Spire   Summ/Air       ###.....     17%         4    None
 Cause Fear               Hex            ###.......   19%         4    None
 Leda's Liquefaction      Hex/Erth       ###.......   30%         4    None
 Airstrike                Air            ##........   45%         4    None
 Orb of Destruction       Conj           ######....   45%         7    #######
 Bolt of Cold             Conj/Ice       ######....   47%         6    #####..
 Iron Shot                Conj/Erth      #####.....   63%         6    #####..
 Poison Arrow             Conj/Pois      #####.....   63%         6    #####..
 Silence                  Hex/Air        ###.......   65%         5    ####...
 Freezing Cloud           Conj/Ice/Air   #####.....   78%         6    #####..
 Spellforged Servitor     Conj/Summ      #####.....   85%         7    #######
 Ring of Flames           Chrm/Fire      #####.....   98%         7    #######
 Ignition                 Fire           ######....   99%         8    #######
 Chain Lightning          Conj/Air       #####.....   100%        8    #######


Dungeon Overview and Level Annotations

Branches:
Dungeon (11/15)            Temple (1/1) D:6            Lair (5/6) D:10
 Shoals (0/4) Lair:4        Snake (0/4) Lair:2          Orc (0/2) D:10
Ossuary (visited)
  Slime: Lair:5-6

Altars:
Ashenzari
Cheibriados
Dithmenos
Elyvilon
Fedhas
Gozag
Hepliaklqana
Kikubaaqudgha
Nemelex Xobeh
Okawaru
Qazlal
Sif Muna
Trog
Uskayaw
Wu Jian
Xom
Yredelemnul
Zin
The Shining One

Shops:
D:6 (   D:8 (   D:9 (

Annotations:
D:7 Joseph


Innate Abilities, Weirdness & Mutations

You cannot wear most types of armour.
You are very stealthy in the water. (Stealth+)
You are amphibious.
You can wear up to eight rings at the same time.
You can use your tentacles to constrict eight enemies at once.
Your skin changes colour to match your surroundings (Stealth+).
Your rubbery body absorbs attacks. (AC +1, EV +1)
One of your tentacles bears a spike.
You are partially covered in iridescent scales. (AC +2)
Your flesh is cold resistant. (rC+)
Your body sometimes deteriorates upon taking damage.


Message History

The four-headed hydra misses you. The four-headed hydra bites you!
Casting: Flame Tongue (safe; 1% risk of failure)
Confirm with . or Enter, or press ? or * to list all spells.
Aiming: Flame Tongue (safe; 1% risk of failure)
Press: ? - help, Shift-Dir - straight line, f/p - four-headed hydra
Aim: a four-headed hydra (steam, water, severely wounded)
The flame tongue hits the four-headed hydra.
The four-headed hydra is severely wounded.
The four-headed hydra is engulfed in a cloud of scalding steam.
The four-headed hydra misses you. The four-headed hydra bites you!
The four-headed hydra bites you!! The four-headed hydra bites you!
* * * LOW HITPOINT WARNING * * *
Unknown command.
The four-headed hydra is engulfed in a cloud of scalding steam.
The four-headed hydra bites you!
* * * LOW HITPOINT WARNING * * *
Your body deteriorates!
You feel clumsy.
The four-headed hydra barely misses you.
The four-headed hydra bites you!
You die...

....................
....................
.........#.......##
...P....#.≈≈≈≈....#
P........≈≈≈≈≈≈≈..##
.........†≈≈≈†.†...#
........§§≈≈§§.>...#
.........≈≈≈≈D≈...##
.#.........†§≈≈@≈≈.##
##..........≈≈≈≈≈≈≈..#
......P......≈≈≈≈...#
#....P....#..≈≈....#
#....................
##.....................
#....P................^
##......................
#..≈≈≈............


You could see a four-headed hydra.

Vanquished Creatures
  4 hydras
  2 unseen horrors
  An orc knight (D:11)
  2 ugly things (D:11)
  A cyclops (D:11)
  2 black mambas
  4 spiny frogs
  3 centaur skeletons
  A rime drake (Lair:1)
  A polar bear (Lair:3)
  2 komodo dragons
  3 trolls
  A hippogriff (Lair:2)
  22 blink frogs
  2 wyverns
  A spriggan (D:9)
  29 yaks
  2 basilisks
  Eustachio (D:4)
  2 hungry ghosts
  3 vampire mosquitoes (Lair:4)
  5 nagas (Lair:2)
  4 insubstantial wisps (Lair:4)
  5 soldier ants
  4 porcupines
  3 water moccasins
  4 orc warriors
  3 ice beasts
  3 necrophages
  4 sky beasts
  3 phantoms
  4 ogres
  4 wolves (Lair:3)
  8 centaurs
  8 crocodiles
  2 elf zombies (Ossuary)
  A big kobold (D:9)
  A wyvern zombie (D:6)
  17 bullfrogs
  A scorpion (D:9)
  4 killer bees
  13 wights
  A howler monkey (D:11)
  An electric eel (Lair:5)
  A bullfrog zombie (D:5)
  2 centaur zombies
  4 crimson imps
  2 quasits
  2 jellies
  A bullfrog skeleton (D:4)
  6 hounds
  An orc priest (D:7)
  8 iguanas
  11 orc wizards
  11 worker ants
  A big kobold zombie (Ossuary)
  4 hound zombies
  2 hound skeletons
  4 mummies (Ossuary)
  A worker ant zombie (D:11)
  4 gnolls (D:3)
  9 adders
  A shadow imp (D:5)
  An adder skeleton (D:4)
  5 worms
  2 dart slugs
  4 leopard geckos
  33 orcs
  2 gnoll zombies (Ossuary)
  7 goblins
  12 hobgoblins
  23 jackals
  9 kobolds
  3 quokkas
  4 bats
  7 frilled lizards
  3 hobgoblin zombies (Ossuary)
  A jackal zombie (Ossuary)
  A leopard gecko skeleton (D:4)
  A leopard gecko zombie (D:5)
  An orc zombie (Ossuary)
  8 rats
  A rat zombie (Ossuary)
  A plant (Lair:4)
396 creatures vanquished.

Vanquished Creatures (collateral kills)
  2 yaks (D:10)
  A wolf (Lair:3)
  An adder (D:11)
4 creatures vanquished.

Vanquished Creatures (others)
  A wolf (Lair:3)
  5 plants
6 creatures vanquished.

Grand Total: 406 creatures vanquished

Notes
Turn   | Place    | Note
-------+----------+-------------------------------------------
     0 | D:1      | Conn the Octopode Fire Elementalist began the quest for the
                  | Orb.
     0 | D:1      | Reached XP level 1. HP: 11/11 MP: 3/3
   147 | D:1      | Reached XP level 2. HP: 17/17 MP: 0/5
   852 | D:1      | Reached XP level 3. HP: 21/21 MP: 4/6
  1507 | D:2      | Reached XP level 4. HP: 27/27 MP: 7/7
  1750 | D:2      | Found an ancient bone altar of Kikubaaqudgha.
  2199 | D:3      | Reached XP level 5. HP: 23/32 MP: 4/9
  2744 | D:3      | Reached skill level 3 in Spellcasting
  2955 | D:4      | Found a sand-covered staircase.
  3003 | D:4      | Reached skill level 1 in Fighting
  3009 | D:4      | Noticed an ogre
  3009 | D:4      | Noticed a centaur
  3127 | Ossuary  | Entered an ossuary
  3140 | Ossuary  | Reached XP level 6. HP: 33/38 MP: 10/10
  3183 | Ossuary  | Reached skill level 1 in Short Blades
  3708 | D:3      | Learned a level 3 spell: Conjure Flame
  3712 | D:3      | Learned a level 3 spell: Inner Flame
  3717 | D:3      | Learned a level 4 spell: Sticky Flame
  3769 | D:4      | Noticed Eustachio
  3780 | D:4      | Killed Eustachio
  3780 | D:4      | Reached skill level 4 in Spellcasting
  3780 | D:4      | Reached XP level 7. HP: 37/45 MP: 13/13
  4186 | D:4      | Reached skill level 5 in Stealth
  4211 | D:4      | Reached XP level 8. HP: 13/50 MP: 6/14
  4735 | D:4      | Reached skill level 5 in Spellcasting
  4735 | D:4      | Reached skill level 5 in Fire Magic
  4862 | D:5      | Entered Level 5 of the Dungeon
  4874 | D:5      | Found a shattered altar of Ashenzari.
  4983 | D:5      | Found a shadowy altar of Dithmenos.
  5368 | D:5      | Learned a level 5 spell: Fireball
  5540 | D:5      | Found a glowing golden altar of the Shining One.
  5986 | D:6      | Found a staircase to the Ecumenical Temple.
  5993 | Temple   | Entered the Ecumenical Temple
  6078 | Temple   | Became a worshipper of Sif Muna the Loreminder
  6147 | D:6      | Found Cuved's Antique Weapon Shoppe.
  6289 | D:6      | Reached skill level 5 in Conjurations
  6289 | D:6      | Reached XP level 9. HP: 11/55 MP: 9/17
  6594 | D:6      | Reached skill level 6 in Spellcasting
  7365 | D:7      | Noticed Joseph
  7569 | D:8      | Found Ugat's Weapon Shoppe.
  7612 | D:8      | Found an opulent altar of Gozag.
  7811 | D:8      | Learned a level 2 spell: Call Imp
  7815 | D:8      | Learned a level 3 spell: Summon Guardian Golem
  7917 | D:8      | Noticed a queen ant
  7929 | D:8      | Reached skill level 1 in Summonings
  7929 | D:8      | Reached skill level 7 in Spellcasting
  7992 | D:9      | Gained mutation: One of your tentacles bears a spike.
                  | [potion of mutation]
  7992 | D:9      | Gained mutation: Your body sometimes deteriorates upon
                  | taking damage. [potion of mutation]
  7992 | D:9      | Gained mutation: Your flesh is cold resistant. (rC+)
                  | [potion of mutation]
  7992 | D:9      | Gained mutation: You are partially covered in iridescent
                  | scales. (AC +2) [potion of mutation]
  8001 | D:9      | HP: 4/82 [poisoned by a soldier ant]
  8008 | D:9      | HP: 3/82 [poisoned by a soldier ant]
  8015 | D:9      | HP: 2/82 [poisoned by a soldier ant]
  8023 | D:9      | HP: 2/82 [poisoned by a soldier ant]
  8358 | D:9      | Found an ornate altar of the Wu Jian Council.
  8358 | D:9      | Found a stormy altar of Qazlal.
  8358 | D:9      | Found an iron altar of Okawaru.
  8443 | D:9      | Noticed a troll
  8453 | D:9      | Killed a troll
  8453 | D:9      | Reached XP level 10. HP: 61/61 MP: 16/21
  8640 | D:9      | Reached * piety under Sif Muna
  8926 | D:9      | Reached skill level 8 in Spellcasting
  9166 | D:9      | Found Xefoet's Antique Weapon Boutique.
  9337 | D:10     | Entered Level 10 of the Dungeon
  9405 | D:10     | Reached skill level 1 in Hexes
  9407 | D:10     | Reached ** piety under Sif Muna
  9819 | D:10     | Found a staircase to the Lair.
 10287 | D:10     | Reached skill level 9 in Spellcasting
 10287 | D:10     | Reached XP level 11. HP: 66/66 MP: 15/24
 10475 | D:10     | Found a staircase to the Orcish Mines.
 10539 | D:10     | Noticed an unseen horror
 10549 | D:10     | Killed an unseen horror
 10843 | Lair:1   | Entered Level 1 of the Lair of Beasts
 11179 | D:11     | Noticed a cyclops
 11180 | D:11     | Noticed a green ugly thing
 11180 | D:11     | Noticed a five-headed hydra
 11182 | D:11     | Noticed a green ugly thing
 11184 | D:11     | Found a flickering gateway to a bazaar.
 11192 | Bazaar   | Entered a bazaar
 11198 | Bazaar   | Found Eniasoniq's Assorted Antiques.
 11198 | Bazaar   | Found Yloryjos's Assorted Antiques.
 11220 | Bazaar   | Found Dacvewo's Armour Emporium.
 11220 | Bazaar   | Found Kemmotoj's Magic Scroll Emporium.
 11301 | Bazaar   | Bought a pearl ring for 75 gold pieces
 11372 | Bazaar   | Bought a yellowed book for 345 gold pieces
 11417 | Bazaar   | Bought a scroll labeled NERUUS HARIU for 23 gold pieces
 11417 | Bazaar   | Bought a scroll labeled XEUDEME IP SECS for 23 gold pieces
 11417 | Bazaar   | Bought a scroll labeled PAMNOT BOWKYNG for 23 gold pieces
 11444 | Bazaar   | Bought a scroll of fear for 49 gold pieces
 11444 | Bazaar   | Bought a scroll of teleportation for 42 gold pieces
 11444 | Bazaar   | Bought a scroll of teleportation for 42 gold pieces
 11698 | D:11     | Killed a five-headed hydra
 11724 | D:11     | Killed a cyclops
 11858 | D:11     | Killed a green ugly thing
 11858 | D:11     | Reached *** piety under Sif Muna
 11858 | D:11     | Reached skill level 10 in Spellcasting
 11876 | D:11     | Killed a green ugly thing
 12201 | D:11     | Reached skill level 1 in Staves
 12232 | D:11     | Noticed an unseen horror
 12245 | D:11     | Killed an unseen horror
 12609 | D:11     | Reached XP level 12. HP: 72/72 MP: 26/26
 13855 | Lair:1   | Reached skill level 10 in Conjurations
 13903 | Lair:1   | Reached **** piety under Sif Muna
 13910 | Lair:1   | Reached skill level 11 in Spellcasting
 15050 | Lair:1   | Reached skill level 5 in Summonings
 15706 | Lair:2   | Noticed a six-headed hydra
 16174 | Lair:3   | Learned a level 4 spell: Summon Ice Beast
 16253 | Lair:3   | Learned a level 3 spell: Mephitic Cloud
 16576 | Lair:2   | Reached skill level 1 in Evocations
 16576 | Lair:2   | Reached XP level 13. HP: 78/78 MP: 28/28
 16584 | Lair:2   | Reached skill level 1 in Ice Magic
 16585 | Lair:2   | Found a staircase to the Snake Pit.
 16739 | Lair:2   | Reached skill level 5 in Dodging
 17149 | Lair:4   | Found a staircase to the Shoals.
 17157 | Lair:4   | Reached skill level 12 in Spellcasting
 17175 | Lair:4   | Learned a level 5 spell: Iskenderun's Battlesphere
 17238 | Lair:4   | Reached skill level 1 in Invocations
 17270 | Lair:4   | Reached skill level 10 in Fire Magic
 17742 | Lair:4   | Reached skill level 1 in Charms
 17783 | Lair:4   | Reached ***** piety under Sif Muna
 17819 | Lair:4   | Identified Sif Muna's Tome of Conjuration (Sif Muna gifted
                  | it to you on level 4 of the Lair of Beasts)
 17819 | Lair:4   | Received a gift from Sif Muna
 18399 | Lair:5   | Slain by a four-headed hydra

Levels and vault maps discovered:
D:1:      evilmike_arrival_fibonacci_small, layout_rooms, hex_medium,
          serial_park_tiny_2
D:2:      layout_rooms, overflow_temple_1_default
D:3:      layout_rooms, first_ration
D:4:      layout_cave_pools, enter_ossuary_1, uniq_eustachio
D:5:      layout_rooms, nicolae_overflow_hidden_temple
D:6:      layout_gridville, minmay_temple_entry_waves, serial_shops, shop_statue
D:7:      layout_loops_cross, nicolae_ru_path_of_blood, uniq_joseph
D:8:      layout_rooms, grunt_gozag_statues, serial_shops, nicolae_shop_stone,
          minivault_29
D:9:      layout_roguey, gammafunk_temple_overflow_claw, serial_shops,
          nicolae_shop_behind_doors, the_bakery, hangedman_minor_gate_pass
D:10:     layout_big_octagon, lair_entry_dummy, david_orc_2
D:11:     kennysheep_windowed_halls, layout_basic, serial_shops,
          bzr_entry_dummy, minmay_fractal_squares_diagonal_5
Temple:   minmay_temple_bridge_abc
Lair:1:   layout_big_grid, grunt_megastairs_2
Lair:2:   layout_small_grid, minmay_snake_entry_guardpost_medium
Lair:3:   layout_cave_shapes
Lair:4:   layout_long_grid, shoals_dummy_entry, pond
Lair:5:   layout_gridlike, wad_woods_road_01, wad_woods_river_02,
          beast_lair_carwin_1, infiniplex_staircase_pool

Skill      XL: |  1  2  3  4  5  6  7  8  9 10 11 12 13 |
---------------+----------------------------------------+-----
Stealth        | 3 4 5 6 |  6.2
Fire Magic     | 4 5 6 7 8 9 10 | 10.4
Spellcasting   | 3 4 5 7 9 10 11 12 | 12.4
Fighting       | 1 2 3 |  3.5
Conjurations   | 2 3 5 7 8 9 10 | 10.8
Short Blades   | 1 2 |  2.0
Dodging        | 3 4 5 |  5.1
Summonings     | 1 3 4 5 |  5.1
Hexes          | 2 |  2.4
Staves         | 1 2 |  2.0
Evocations     | 1 |  1.2
Ice Magic      | 2 |  2.2
Invocations    | 1 |  1.7
Charms         | 1 |  1.8
Unarmed Combat | |  0.1

Action                   |  1- 3 |  4- 6 |  7- 9 | 10-12 | 13-15 || total
-------------------------+-------+-------+-------+-------+-------++-------
Melee: Unarmed           |    12 |       |       |       |       ||    12
       Constrict         |     9 |    11 |    23 |    17 |     2 ||    62
       Tentacles         |     3 |     5 |    22 |    21 |     7 ||    58
       Dagger            |    31 |    44 |   102 |    39 |       ||   216
       Kick              |       |       |     2 |    30 |     9 ||    41
       Staff             |       |       |       |    59 |    22 ||    81
Throw: Throwing net      |       |     1 |       |       |       ||     1
 Cast: Flame Tongue      |    40 |    88 |   148 |   388 |    81 ||   745
       Conjure Flame     |       |       |    14 |    14 |       ||    28
       Inner Flame       |       |       |     3 |     9 |       ||    12
       Sticky Flame      |       |       |    11 |    54 |    14 ||    79
       Call Imp          |       |       |     3 |    14 |       ||    17
       Fireball          |       |       |       |    50 |    17 ||    67
       Summon Guardian G |       |       |       |    11 |       ||    11
       Iskenderun's Batt |       |       |       |       |     5 ||     5
Evoke: Wand              |       |     2 |     3 |     4 |       ||     9
  Use: Scroll            |       |     6 |     1 |    14 |       ||    21
       Potion            |       |     2 |    11 |     3 |       ||    16
 Stab: Sleeping          |     2 |     8 |    16 |     9 |       ||    35
       Distracted        |       |       |       |     2 |       ||     2
  Eat: Chunk             |     2 |     5 |    19 |    31 |     7 ||    64
       Ration            |       |       |       |     2 |     1 ||     3
Armor: Skin              |    12 |     5 |    14 |    31 |     2 ||    64
Dodge: Dodged            |    48 |    68 |   143 |   391 |    40 ||   690
Block: Other             |       |       |       |       |     8 ||     8

Table legend:
 A = Non-vault XP
 B = Vault XP
 C = Vault XP percentage of total XP
 D = Non-vault monster count
 E = Vault monster count
 F = Vault count percentage of total count
                 A         B        C        D         E       F
            +---------+---------+-------+---------+---------+-------
      Total |   31710 |   10564 |  25.0 |     316 |      84 |  21.0
            +---------+---------+-------+---------+---------+-------
        D:1 |      39 |       0 |   0.0 |      24 |       0 |   0.0
        D:2 |      73 |       0 |   0.0 |      25 |       0 |   0.0
        D:3 |     108 |       0 |   0.0 |      21 |       0 |   0.0
        D:4 |     861 |     185 |  17.7 |      27 |       1 |   3.6
        D:5 |     392 |       0 |   0.0 |      15 |       0 |   0.0
        D:6 |     850 |       0 |   0.0 |      16 |       0 |   0.0
        D:7 |     209 |       0 |   0.0 |      10 |       0 |   0.0
        D:8 |     353 |     603 |  63.1 |       7 |       7 |  50.0
        D:9 |    1516 |    1010 |  40.0 |      32 |       8 |  20.0
       D:10 |    3952 |      18 |   0.5 |      28 |       6 |  17.6
       D:11 |    3424 |    4969 |  59.2 |      25 |      29 |  53.7
     Lair:1 |    6763 |    1444 |  17.6 |      32 |       5 |  13.5
     Lair:2 |    2628 |     815 |  23.7 |       8 |       5 |  38.5
     Lair:3 |    3254 |       0 |   0.0 |      17 |       0 |   0.0
     Lair:4 |    6252 |    1204 |  16.1 |      23 |       7 |  23.3
     Lair:5 |    1036 |       0 |   0.0 |       6 |       0 |   0.0
    Ossuary |       0 |     316 | 100.0 |       0 |      16 | 100.0
            +---------+---------+-------+---------+---------+-------
